 Dungeon Crawl Stone Soup version 0.31-a0-853-gc9b61b78f7 (webtiles) character file.

Game seed: 7068420165171366906

20314 CrazyBamboolord the Fighter (level 12, -2/110 (115) HPs)
             Began as a Minotaur Chaos Knight on Oct 8, 2023.
             Was a Plaything of Xom.
             Slain by a six-headed hydra (9 damage)
             ... on level 2 of the Lair of Beasts.
             The game lasted 00:24:50 (11500 turns).

CrazyBamboolord the Fighter (MiCK)                 Turns: 11500, Time: 00:24:52

HP:   -2/110 (115)  AC: 15    Str: 23    XL:     12   Next: 44%
MP:   11/11         EV: 11    Int:  9    God:    Xom [*.....]
Gold: 336           SH:  5    Dex:  9    Spells: 11/11 levels left

rFire   . . .        E - +4 eveningstar (spect)
rCold   + + .        h - +0 buckler
rNeg    . . .        M - +1 chain mail {rPois}
rPois   +            (helmet restricted)
rElec   .            v - scarf {rC+ rF+}
rCorr   .            (no gloves)
SInv    .            r - +0 pair of boots
Will    .....        f - amulet of regeneration Stlth
                     a - ring of protection from cold
HPRegen 1.18/turn    F - +4 ring of slaying
MPRegen 0.12/turn

%: no passive effects
@: weak-willed, lightly drained
A: horns 2, retaliatory headbutt, deterioration 1, no potion heal 1, heat
vulnerability 1, inability to drink after injury 1, sturdy frame 1
a: Renounce Religion


You were on level 2 of the Lair of Beasts.
You worshipped Xom.
You were a special plaything of Xom.
You visited 3 branches of the dungeon, and saw 12 of its levels.

You collected 736 gold pieces.
You spent 400 gold pieces at shops.

Inventory:

Hand Weapons
 E - a +4 spectral eveningstar (weapon)
Missiles
 y - 9 throwing nets
Armour
 h - a +0 buckler (worn)
 l - a +0 cloak
 r - a +0 pair of boots (worn)
 v - a scarf of resistance (worn)
 H - the +0 cloak "Huaf" {Rampage Will+ Str-3}
   (You found it on level 8 of the Dungeon)

   Str-3:     It affects your strength (-3).
   Will+:     It increases your willpower.
   Rampage:   It bestows one free step when moving towards enemies.
 M - a +1 chain mail of poison resistance (worn)
Jewellery
 a - a ring of protection from cold (left hand)
 d - an amulet of guardian spirit
 f - an amulet of regeneration (around neck)
 F - a +4 ring of slaying (right hand)
 G - the ring of Cuaxie Qagh {rF+ rC- Will+ Dex+6}
   (You found it on level 8 of the Dungeon)

   [ring of dexterity]

   Dex+6:     It affects your dexterity (+6).
   rF+:       It protects you from fire.
   rC-:       It makes you vulnerable to cold.
   Will+:     It increases your willpower.
Wands
 B - a wand of charming (14)
 J - a wand of polymorph (8)
 K - a wand of flame (6)
Scrolls
 c - a scroll of butterflies
 e - 2 scrolls of silence
 g - a scroll of poison
 k - a scroll of immolation
 p - a scroll of brand weapon
 x - 2 scrolls of amnesia
 C - 2 scrolls of fog
 D - a scroll of revelation {unknown}
Potions
 i - 3 potions of might {unknown}
 m - a potion of resistance {unknown}
 n - 4 potions of enlightenment
 o - a potion of degeneration {unknown}
 q - 2 potions of invisibility
 s - a potion of ambrosia {unknown}
 t - a potion of cancellation {unknown}
 u - 2 potions of curing {unknown}
 z - a potion of lignification {unknown}
 I - a potion of brilliance {unknown}
 L - a potion of magic {unknown}
 N - a potion of mutation {unknown}


   Skills:
 * Level 13.0 Fighting
 * Level 13.0 Maces & Flails
 * Level 12.7 Armour
 + Level 8.3 Dodging
 + Level 8.5 Shields


You had 11 spell levels left.
You didn't know any spells.
Your spell library contained the following spells:

 Spells                   Type           Power      Damage    Failure   Level
 Necrotise                Necr           0%         1d4       78%         1
 Sandblast                Erth           0%         2d4       78%         1
 Slow                     Hex            0%         N/A       78%         1
 Passwall                 Tmut/Erth      0%         N/A       89%         2
 Confusing Touch          Hex            0%         N/A       98%         3
 Dazzling Flash           Conj/Hex       0%         N/A       98%         3
 Hailstorm                Conj/Ice       0%         3d3       98%         3
 Sigil of Binding         Hex            0%         N/A       98%         3
 Stone Arrow              Conj/Erth      0%         3d7       98%         3
 Vampiric Draining        Necr           0%         2d6       98%         3
 Volatile Blastmotes      Fire/Tloc      0%         2d10      98%         3
 Animate Dead             Necr           0%         N/A       100%        4
 Brom's Barrelling Bould  Conj/Erth      0%         2d3       100%        4
 Summon Ice Beast         Ice/Summ       0%         N/A       100%        4
 Vhi's Electric Charge    Tloc/Air       0%         N/A       100%        4
 Agony                    Necr           0%         N/A       100%        5
 Arcjolt                  Conj/Air       0%         1d10      100%        5
 Simulacrum               Ice/Necr       0%         N/A       100%        6
 Starburst                Conj/Fire      0%         6d3       100%        6
 Haunt                    Necr/Summ      0%         N/A       100%        7
 Malign Gateway           Summ/Tloc      0%         N/A       100%        7
 Infestation              Necr           0%         N/A       100%        8
 Maxwell's Capacitive Co  Air            0%         ∞         100%        8
 Summon Horrible Things   Summ           0%         N/A       100%        8


Dungeon Overview and Level Annotations

Branches:
Dungeon (9/15)             Temple (1/1) D:6            Lair (2/5) D:8
  Snake (0/4) Lair:2
  Swamp: Lair:2-3    Shoals: Lair:2-3       Orc: D:9-12

Altars:
Ashenzari
Dithmenos
Elyvilon
Fedhas
Gozag
Hepliaklqana
Kikubaaqudgha
Makhleb
Nemelex Xobeh
Okawaru
Qazlal
Ru
Sif Muna
Trog
Uskayaw
Vehumet
Xom

Shops:
D:3 *   D:5 (:   D:6 *

Annotations:
D:7 1 exclusion


Innate Abilities, Weirdness & Mutations

You have a pair of horns on your head.
You reflexively headbutt those who attack you in melee.
Your body sometimes deteriorates upon taking damage.
Potions are less effective at restoring your health.
You are vulnerable to heat. (rF-)
You occasionally lose the ability to drink potions when taking damage.
Your movements are slightly less encumbered by armour. (ER -2)


Message History

Your +4 spectral eveningstar disappears.
You block the komodo dragon's attack.
The six-headed hydra bites you but does no damage.
The six-headed hydra bites you.
The six-headed hydra bites you but does no damage. x3
The six-headed hydra bites you! You block the yak's attack.
Unknown command.
As you read the scroll labelled HYIDUKH HEORUFEAMU, it crumbles to dust.
Magic quickly surges around you.
It was a scroll of vulnerability.
You block the komodo dragon's attack. The six-headed hydra bites you. x2
* * * LOW HITPOINT WARNING * * *
The six-headed hydra bites you but does no damage. x2
The six-headed hydra bites you!
* * * LOW HITPOINT WARNING * * *
The six-headed hydra bites you but does no damage.
The yak gores you!
* * * LOW HITPOINT WARNING * * *
Unknown command.
As you read the scroll labelled QECRIZISYI, it crumbles to dust.
You hear a loud clanging noise!
It was a scroll of noise.
You hear a croak.
You hear a loud, deep croak!
The komodo dragon closely misses you.
You block the six-headed hydra's attack.
The six-headed hydra barely misses you. The six-headed hydra bites you!
* * * LOW HITPOINT WARNING * * *
The six-headed hydra bites you but does no damage.
The six-headed hydra bites you.
* * * LOW HITPOINT WARNING * * *
The six-headed hydra misses you. The yak misses you.
Unknown command.
As you read the scroll labelled PANKUW AMUAB, it crumbles to dust.
It is a scroll of enchant armour.
Your +0 chain mail of poison resistance glows green for a moment.
The komodo dragon completely misses you.
The six-headed hydra closely misses you.
You block the six-headed hydra's attack.
The six-headed hydra bites you!
You die...
Xom howls with laughter!

.................P........
...........................
<............)..........
......#.###..........
......### ###........
......###.#.#........
..................... ...
...............
.......@DY.....
.......Yl......
..P##....Y..... ..#
#.....Y.... .. ......YY...
............ .....>...#...
..........#...


You could see a six-headed hydra (weak-willed), a komodo dragon (weak-willed)
and 6 yaks.

Vanquished Creatures
  A hydra (Lair:2)
  A two-headed ogre (D:9)
  A fire crab (Lair:1)
  Pikel (D:6)
  A black mamba (Lair:1)
  5 elephants (Lair:1)
  Maggie (D:6)
  Jeremiah (D:6)
  A rime drake (Lair:1)
  5 cane toads
  6 komodo dragons
  5 blink frogs (Lair:1)
  A slime creature (D:7)
  25 yaks
  A shadow (D:7)
  A wraith (D:5)
  A wyvern (Lair:1)
  A basilisk (Lair:1)
  5 steam dragons
  A vampire mosquito (D:7)
  An acid dragon (D:7)
  7 water moccasins
  4 sky beasts
  3 orc warriors
  3 black bears
  2 ice beasts
  A centaur (D:5)
  10 wolves
  3 lemures (D:6)
  3 phantoms
  5 gnoll sergeants
  9 bullfrogs
  16 wights
  9 killer bees
  A howler monkey (D:7)
  3 jellies
  10 hounds
  3 gnoll boudas
  An orc priest (D:9)
  3 sleepcaps
  Jessica (D:3)
  Terence (D:3)
  An iguana (D:7)
  2 hell rats (Lair:1)
  24 gnolls
  11 adders
  11 river rats (Lair:1)
  A shadow imp (D:6)
  2 white imps
  An ufetubus (D:5)
  2 dart slugs
  23 orcs
  7 endoplasms
  2 giant cockroaches
  10 goblins
  8 hobgoblins
  5 jackals
  5 quokkas
  6 ball pythons
  5 bats
  A frilled lizard (D:2)
  6 kobolds
  4 rats
301 creatures vanquished.

Vanquished Creatures (collateral kills)
  Robin (D:3)
  An endoplasm (D:2)
  5 goblins
  A kobold (D:2)
8 creatures vanquished.

Vanquished Creatures (others)
  A hound (D:5)
  A gnoll (D:5)
  2 spectral weapons
4 creatures vanquished.

Grand Total: 313 creatures vanquished

Notes
Turn   | Place    | Note
-------+----------+-------------------------------------------
     0 | D:1      | CrazyBamboolord the Minotaur Chaos Knight began the quest
                  | for the Orb.
     0 | D:1      | Reached XP level 1. HP: 19/19 MP: 0/0
   121 | D:1      | XOM: cast spell 'Summon Ice Beast'
   161 | D:1      | Reached XP level 2. HP: 25/27 MP: 1/1
   201 | D:1      | XOM: snakes to sticks
   439 | D:1      | XOM: god gift: buckler {god gift}
   719 | D:1      | XOM: cloud trail
   740 | D:1      | XOM is BORED!
   740 | D:1      | XOM: give mutation
   740 | D:1      | Gained mutation: You are clumsy. (Dex -2) [Xom's mischief]
   773 | D:2      | Found an iron altar of Okawaru.
   851 | D:2      | Reached XP level 3. HP: 33/33 MP: 2/2
  1288 | D:2      | Reached skill level 1 in Shields
  1288 | D:2      | Reached XP level 4. HP: 39/41 MP: 1/3
  1322 | D:2      | XOM: summons friendly ufetubus
  1500 | D:3      | Noticed Robin
  1501 | D:3      | Noticed Jessica
  1503 | D:3      | XOM: summons 4 friendly demons
  1512 | D:3      | Killed Robin
  1531 | D:3      | Killed Jessica
  1532 | D:3      | Reached XP level 5. HP: 23/47 MP: 2/4
  1797 | D:3      | Found an ancient bone altar of Kikubaaqudgha.
  1810 | D:3      | Noticed Terence
  1823 | D:3      | Killed Terence
  1852 | D:3      | XOM: silly message
  1968 | D:3      | Found Gozag's Platinum Reserve.
  1972 | D:3      | Found an opulent altar of Gozag.
  2219 | D:3      | XOM: 4-stop teleportation journey
  2553 | D:4      | XOM: enchant monster (bad)
  2555 | D:4      | XOM: cast spell 'Summon Ice Beast'
  2562 | D:4      | Reached skill level 5 in Fighting
  2562 | D:4      | Reached skill level 5 in Maces & Flails
  2590 | D:4      | XOM: butterfly on damage
  3219 | D:4      | Reached XP level 6. HP: 56/56 MP: 5/5
  3489 | D:5      | Entered Level 5 of the Dungeon
  3489 | D:5      | Found Iseahi's Book Shoppe.
  3598 | D:5      | Reached skill level 5 in Armour
  3598 | D:5      | Reached XP level 7. HP: 44/62 MP: 3/6
  3675 | D:5      | Found Pemefig's Weapon Shop.
  3864 | D:5      | XOM: enchant monster (bad)
  3870 | D:5      | XOM: destruction
  4076 | D:5      | Noticed a wraith
  4081 | D:5      | XOM: cleaving
  4084 | D:5      | Killed a wraith
  4133 | D:5      | XOM: noise
  4242 | D:5      | Reached XP level 8. HP: 59/71 MP: 4/7
  4343 | D:5      | XOM: polymorph gnoll -> ball python
  4368 | D:5      | XOM: god gift: boomerang
  4868 | D:6      | Noticed Jeremiah
  4878 | D:6      | Killed Jeremiah
  5165 | D:6      | Found a staircase to the Ecumenical Temple.
  5182 | Temple   | Entered the Ecumenical Temple
  5347 | D:6      | Reached XP level 9. HP: 50/81 MP: 3/8
  5490 | D:6      | Found Qynk's Mass Market.
  5692 | D:5      | Bought a +4 eveningstar of venom for 400 gold pieces
  5877 | D:6      | Found a sacrificial altar of Ru.
  5878 | D:6      | Noticed Pikel
  5887 | D:6      | XOM: divination: detect items
  5887 | D:6      | Noticed Maggie
  5889 | D:6      | XOM: stat loss: -1 Int (8/9)
  5893 | D:6      | Killed Pikel
  5894 | D:6      | Reached skill level 5 in Dodging
  5894 | D:6      | Reached skill level 5 in Shields
  5894 | D:6      | XOM: swap monsters
  5901 | D:6      | Killed Maggie
  5992 | D:6      | XOM: summons 2 hostile demons
  6189 | D:6      | XOM: silly message
  6336 | D:7      | XOM: scenery: summon butterflies
  6337 | D:7      | XOM: smoke on damage
  6338 | D:7      | XOM: summons 4 friendly demons
  6346 | D:7      | Noticed a red ugly thing
  6579 | D:7      | Reached XP level 10. HP: 91/91 MP: 9/9
  6678 | D:7      | XOM: summons 2 hostile demons
  6679 | D:7      | Noticed a rust devil
  7078 | D:7      | XOM: give mutations
  7078 | D:7      | Gained mutation: You are somewhat resistant to further
                  | mutation. [Xom's mischief]
  7078 | D:7      | Lost mutation: You are clumsy. (Dex -2) [Xom's mischief]
  7078 | D:7      | Gained mutation: You have sharp toenails. [Xom's mischief]
  7124 | D:7      | XOM: enchant monster (bad)
  7293 | D:7      | Reached skill level 10 in Fighting
  7823 | D:8      | Found a staircase to the Lair.
  7837 | D:8      | XOM: give mutations
  7837 | D:8      | Gained mutation: Your movements are slightly less
                  | encumbered by armour. (ER -2) [Xom's mischief]
  7837 | D:8      | Gained mutation: You occasionally lose the ability to drink
                  | potions when taking damage. [Xom's mischief]
  7837 | D:8      | Lost mutation: You are somewhat resistant to further
                  | mutation. [Xom's mischief]
  7904 | D:8      | Reached skill level 10 in Maces & Flails
  8135 | D:8      | Identified the ring of Cuaxie Qagh {rF+ rC- Will+ Dex+6}
  8476 | D:8      | Found an iron altar of Okawaru.
  8479 | D:8      | Identified the +0 cloak "Huaf" {Rampage Will+ Str-3}
  8809 | D:9      | XOM: polymorph orc wizard -> wolf
  8822 | D:9      | Reached skill level 10 in Armour
  8825 | D:9      | XOM: enchant monster (bad)
  8907 | D:9      | XOM: noise
  8962 | D:9      | Noticed a two-headed ogre
  8967 | D:9      | XOM: confusion
  8974 | D:9      | Killed a two-headed ogre
  9161 | D:9      | Found a faded altar of an unknown god.
  9248 | D:9      | XOM: give mutations
  9248 | D:9      | Lost mutation: You have sharp toenails. [Xom's mischief]
  9248 | D:9      | Gained mutation: Your body sometimes deteriorates upon
                  | taking damage. [Xom's mischief]
  9248 | D:9      | Gained mutation: Your mind is acute. (Int +4, Str/Dex -1)
                  | [Xom's mischief]
  9404 | D:9      | Found a sparkling altar of Nemelex Xobeh.
  9527 | Lair:1   | Entered Level 1 of the Lair of Beasts
  9532 | Lair:1   | XOM: summons 2 hostile shadow creatures
  9614 | Lair:1   | Reached XP level 11. HP: 101/101 MP: 10/10
  9732 | Lair:1   | an elephant changed into a fire crab
  9732 | Lair:1   | Noticed a fire crab
  9732 | Lair:1   | XOM: polymorph elephant -> fire crab
  9735 | Lair:1   | Killed a fire crab
  9891 | Lair:1   | XOM: summons 6 hostile demons
  9892 | Lair:1   | Noticed a sun demon
 10148 | Lair:1   | XOM: chaos cloud
 10159 | Lair:1   | XOM: silly message
 10211 | Lair:1   | XOM: silly message
 10411 | Lair:1   | XOM: swap monsters
 10435 | Lair:1   | Reached XP level 12. HP: 25/113 MP: 3/11
 10437 | Lair:1   | XOM: give mutations
 10437 | Lair:1   | Gained mutation: You are vulnerable to heat. (rF-) [Xom's
                  | mischief]
 10437 | Lair:1   | Gained mutation: Potions are less effective at restoring
                  | your health. [Xom's mischief]
 10437 | Lair:1   | Gained mutation: You are agile. (Dex +4, Str/Int -1) [Xom's
                  | mischief]
 10546 | Lair:1   | XOM: scenery: create altars
 10649 | Lair:1   | XOM: give mutation
 10649 | Lair:1   | Lost mutation: Your mind is acute. (Int +4, Str/Dex -1)
                  | [Xom's mischief]
 10734 | Lair:1   | XOM: give mutation
 10734 | Lair:1   | Lost mutation: You are agile. (Dex +4, Str/Int -1) [Xom's
                  | mischief]
 10840 | Lair:1   | Identified the +0 dagger of Vanity {venom, Drain rN+ Str+2}
 10863 | Lair:1   | XOM: cleaving
 11013 | Lair:2   | Found a staircase to the Snake Pit.
 11014 | Lair:2   | XOM: silly message
 11019 | Lair:2   | Noticed a six-headed hydra
 11237 | Lair:2   | Killed a six-headed hydra
 11244 | Lair:2   | XOM: god gift: 16 gold pieces
 11253 | Lair:2   | XOM: draining
 11415 | Lair:2   | Identified the +7 chain mail of Qoshreax {Harm}
 11487 | Lair:2   | Noticed a six-headed hydra
 11499 | Lair:2   | HP: 5/110 [six-headed hydra (4)]
 11500 | Lair:2   | Slain by a six-headed hydra

Illustrated notes

Levels and vault maps discovered:
D:1:      saegor_arrival_simple_d, layout_basic
D:2:      layout_basic, basic_altar, minmay_randomly_rotated_circles
D:3:      layout_basic, general_overflow_altar, nicolae_gozag_zags_fifth_avenue,
          uniq_terence, uniq_robin, uniq_jessica
D:4:      layout_basic
D:5:      layout_cave_pools, serial_gnoll_camp, gnoll_camp_huts_basic,
          gnoll_camp_medium_02, gnoll_camp_mini_sergeant, gnoll_camp_mini_shop,
          gnoll_camp_mini_shop
D:6:      kennysheep_steamy, layout_basic, nicolae_ru_sacrificial_ziggurat,
          minmay_temple_entry_offerings, minmay_shop_mass, uniq_maggie,
          uniq_jeremiah, uniq_pikel
D:7:      nzn_winding_woodlands_medium [nzn_winding_woodlands_5x5_checkerboard,
          nzn_winding_woodlands_5x15_concentric,
          nzn_winding_woodlands_5x5_three, nzn_winding_woodlands_5x5_default,
          nzn_winding_woodlands_center_pierced_h,
          nzn_winding_woodlands_5x5_open_star, nzn_winding_woodlands_hourglass,
          nzn_winding_woodlands_5x15_split_checker,
          nzn_winding_woodlands_5x5_closed_star], layout_basic,
          minmay_misc_feat_ornament, st_stairs_6
D:8:      nicolae_cairo_tiling_very_big, layout_basic,
          mainiacjoe_overflow_24_doors, lair_entry_dummy
D:9:      layout_cave_pools, nemelex_xobeh_ov_fountains_minmay,
          serial_column_ruins, column_ruins_temple_circle, column_ruins_grid_1,
          column_ruins_grid_1, column_ruins_grid_1, column_ruins_grid_1,
          column_ruins_columns_straight, column_ruins_open_small,
          column_ruins_columns_straight
Temple:   chequers_temple_sunken
Lair:1:   layout_concentric_octagons, minmay_holes, st_stairs_4,
          kennysheep_rathole
Lair:2:   layout_cave_shapes, dummy_snake_entry, serial_bayou_pond_a

Skill      XL: |  1  2  3  4  5  6  7  8  9 10 11 12 |
---------------+-------------------------------------+-----
Fighting       | 4 5 6 8 9 10 12 13 | 13.0
Maces & Flails | 4 5 6 8 9 10 12 13 | 13.0
Armour         | 3 4 5 7 9 10 12 | 12.7
Shields        | 1 2 3 4 5 6 8 |  8.5
Dodging        | 2 3 4 5 6 7 8 |  8.3

Action                     |  1- 3 |  4- 6 |  7- 9 | 10-12 || total
---------------------------+-------+-------+-------+-------++-------
  Melee: Mace              |    80 |    41 |       |       ||   121
         Headbutt          |     8 |    12 |    35 |    46 ||   101
         Flail             |       |    53 |   150 |       ||   203
         Eveningstar       |       |       |    76 |   324 ||   400
    Use: Scroll            |       |       |     3 |    11 ||    14
         Potion            |       |       |     1 |     3 ||     4
   Stab: Distracted        |       |       |       |     2 ||     2
 Armour: Leather armour    |    50 |    30 |       |       ||    80
         Chain mail        |       |    78 |   265 |   287 ||   630
  Dodge: Dodged            |    47 |    57 |   142 |   167 ||   413
  Block: Buckler           |    13 |    18 |    57 |    81 ||   169

Table legend: (Time is in decaauts)
 A = Elapsed time spent in this place.
 B = Non-inter-level travel time spent in this place.
 C = Inter-level travel time spent in this place.
 D = Time resting spent in this place.
 E = Time spent auto-exploring this place.
 F = Levels seen in this place.
 G = Mean time per level.
                   A        B        C        D        E       F      G
               +--------+--------+--------+--------+--------+-----+--------+
         Total |  11670 |  11080 |    590 |    632 |   8531 |  12 |  972.5 |
       Dungeon |   9704 |   9141 |    563 |    283 |   7299 |   9 | 1078.2 |
        Temple |      1 |      1 |      0 |      0 |      0 |   1 |    1.0 |
          Lair |   1963 |   1937 |     26 |    349 |   1232 |   2 |  981.5 |
               +--------+--------+--------+--------+--------+-----+--------+

Top non-repeatable levels by time:
  Lair:1: 1691 daAuts
     D:7: 1499 daAuts
     D:5: 1413 daAuts
     D:6: 1343 daAuts
     D:4: 1173 daAuts
     D:8: 1108 daAuts
     D:3: 964 daAuts
     D:1: 775 daAuts
     D:2: 729 daAuts
     D:9: 695 daAuts
  Lair:2: 272 daAuts
  Temple: 1 daAuts
